 Dungeon Crawl Stone Soup version 0.20-a0-1078-g4874019 (webtiles) character file.

9 Chaoticas the Grave Robber (level 2, 0/19 HPs)
             Began as a Demonspawn Necromancer on Apr 30, 2017.
             Slain by a kobold
             ... wielding a +0 short sword
              (2 damage)
             ... on level 1 of the Dungeon.
             The game lasted 00:01:47 (713 turns).

Chaoticas the Grave Robber (Demonspawn Necromancer)  Turns: 713, Time: 00:01:48

Health: 0/19       AC:  2    Str:  8    XL:     2   Next: 3%
Magic:  1/5        EV: 12    Int: 16    God:
Gold:   26         SH:  0    Dex: 13    Spells: 4/5 levels left

rFire    . . .     SeeInvis .   e - +0 spear
rCold    . . .     Gourm    .   (no shield)
rNeg     . . .     Faith    .   a - +0 robe
rPois    .         Spirit   .   (no helmet)
rElec    .         Reflect  .   (no cloak)
rCorr    .         Harm     .   (no gloves)
MR       .....                  (no boots)
Stlth    ++........             (no amulet)
Regen    0.1/turn               (no ring)
MPRegen  0.1/turn               (no ring)

@: very slightly contaminated
A: talons 1
a: no special abilities


You were on level 1 of the Dungeon.
You were not hungry.

You visited 1 branch of the dungeon, and saw 1 of its levels.

You collected 26 gold pieces.

Inventory:

Hand Weapons
 e - a +0 spear (weapon)
   (You found it on level 1 of the Dungeon)
Armour
 a - a +0 robe (worn)
 f - a cursed -1 leather armour
   (You found it on level 1 of the Dungeon)
Scrolls
 d - a scroll of recharging {unknown}
Books
 A - a book of Necromancy

   Spells                             Type                      Level
   a - Pain                           Necromancy                   1
   b - Animate Skeleton               Necromancy                   1
   c - Vampiric Draining              Necromancy                   3
   d - Regeneration                   Charms/Necromancy            3
   e - Animate Dead                   Necromancy                   4
   f - Control Undead                 Necromancy                   4
Comestibles
 b - 3 fruits
 c - a bread ration


   Skills:
 - Level 1.7 Dodging
 - Level 1.7 Stealth
 + Level 2.2 Spellcasting
 * Level 4.7 Necromancy


You had 4 spell levels left.
You knew the following spells:

 Your Spells              Type           Power        Failure   Level  Hunger
a - Pain                  Necr           ###.         2%          1    #......


Dungeon Overview and Level Annotations

Branches:
Dungeon (1/15)

Altars:


Innate Abilities, Weirdness & Mutations

You have sharp toenails.


Message History

f - a leather armour You hit the kobold but do no damage.
You claw the kobold, but do no damage. The kobold hits you with a dagger.
You hit the kobold. Your kick misses the kobold.
The kobold is severely wounded.
The kobold hits you with a dagger.
You closely miss the kobold.
The kobold is moderately wounded.
The kobold hits you with a dagger. The kobold misses you.
The kobold completely misses you.
You hit the kobold.
The kobold is severely wounded.
The kobold hits you with a short sword.
* * * LOW HITPOINT WARNING * * *
The kobold closely misses you.
Casting: Pain
Confirm with . or Enter, or press ? or * to list all spells.
Aiming: Pain
Press: ? - help, Shift-Dir - straight line, f - kobold
Aim: a kobold, wielding a dagger (severely wounded, chance to defeat MR: 87%)
The kobold writhes in agony!
You kill the kobold!
The kobold hits you but does no damage.
Casting: Pain
Confirm with . or Enter, or press ? or * to list all spells.
Aiming: Pain
Press: ? - help, Shift-Dir - straight line, f - kobold
Aim: a kobold, wielding a short sword (chance to defeat MR: 87%)
You miscast Pain.
You are very lightly contaminated with residual magic.
Nothing appears to happen.
The kobold barely misses you.
You hit the kobold. You claw the kobold, but do no damage.
The kobold is severely wounded.
The kobold barely misses you.
Casting: Pain
Confirm with . or Enter, or press ? or * to list all spells.
Aiming: Pain
Press: ? - help, Shift-Dir - straight line, f/p - kobold
Aim: a kobold, wielding a short sword (severely wounded, chance to defeat MR: 87%)
The kobold barely resists.
The kobold hits you with a short sword.
* * * LOW HITPOINT WARNING * * *
Casting: Pain
Confirm with . or Enter, or press ? or * to list all spells.
Aiming: Pain
Press: ? - help, Shift-Dir - straight line, f/p - kobold
Aim: a kobold, wielding a short sword (severely wounded, chance to defeat MR: 87%)
The kobold barely resists.
* * * LOW MAGIC WARNING * * *
The kobold hits you with a short sword.
You die...

......###### ...........
..........# ..........#
##+###+##+# #......#
#.........# #......#
#......(..# #...)..#
..#####....K....# #......#
...........)@...# ######.#
...........#'##.########.#
.........#.#(##....÷.....#
.........#.#.################
.......[.#...##### #≈§
.......$(##..#...# #≈§
.........##..#...# ###≈§
###########..#...##### #...§
#......'...# #.8..


You could see a kobold.

Vanquished Creatures
  2 bats (D:1)
  A giant cockroach (D:1)
  2 goblins (D:1)
  3 kobolds (D:1)
  A rat (D:1)
9 creatures vanquished.

Notes
Turn   | Place    | Note
-------+----------+-------------------------------------------
     0 | D:1      | Chaoticas the Demonspawn Necromancer began the quest for the Orb.
     0 | D:1      | Reached XP level 1. HP: 13/13 MP: 3/3
    20 | D:1      | HP: 6/13 [bat (1)]
   468 | D:1      | HP: 5/13 [rat (2)]
   478 | D:1      | Gained mutation: You have sharp toenails. [demonic ancestry]
   478 | D:1      | Reached XP level 2. HP: 8/19 MP: 0/5
   708 | D:1      | HP: 6/19 [kobold/short sword (5)]
   713 | D:1      | Slain by a kobold

Vault maps used:
D:1:      grunt_arrival_lava_bath

Action                   || total
-------------------------++-------
Melee: Unarmed           ||    16
       Spear             ||     5
       Kick              ||     2
 Cast: Pain              ||    16
 Stab: Sleeping          ||     1
Armor: Robe              ||    12
Dodge: Dodged            ||    29
